 Dungeon Crawl Stone Soup version 0.30-a0-458-g86641cc369 (webtiles) character file.

Game seed: 10152710292740136321

74 gelatine the Firebug (level 4, -1/27 HPs)
             Began as an Octopode Fire Elementalist on Dec 15, 2022.
             Was a Follower of Qazlal.
             Slain by a worm (4 damage)
             ... on level 2 of the Dungeon.
             The game lasted 00:03:12 (1174 turns).

gelatine the Firebug (Octopode Fire Elementalist)   Turns: 1174, Time: 00:03:14

Health: -1/27      AC:  1    Str:  7    XL:     4   Next: 28%
Magic:  7/7        EV: 13    Int: 19    God:    Qazlal [*.....]
Gold:   74         SH:  2    Dex: 12    Spells: 7/8 levels left

rFire   . . .      SeeInvis .    d - +0 battleaxe
rCold   . . .      Faith    .    (shield currently unavailable)
rNeg    + . .      Spirit   .    (helmet restricted)
rPois   .          Reflect  .    (no amulet)
rElec   .          Harm     .    i - ring of positive energy
rCorr   .          Rampage  .    j - ring of willpower
Will    +....                    (no ring)
Stlth   +++.......               (no ring)
HPRegen 0.24/turn                (no ring)
MPRegen 0.10/turn                (no ring)
                                 (no ring)
                                 (no ring)

@: lethally poisoned (-1 -> -5)
A: almost no armour, amphibious, 8 rings, camouflage 1, gelatinous body 1,
(nimble swimmer 1), tentacles
a: Renounce Religion


You were on level 2 of the Dungeon.
You worshipped Qazlal.
Qazlal was aware of your devotion.
You visited 1 branch of the dungeon, and saw 2 of its levels.

You collected 74 gold pieces.

Inventory:

Hand Weapons
 d - a +0 battleaxe (weapon)
 e - a +0 dagger
Magical Staves
 c - a staff of death
Jewellery
 i - a ring of positive energy (left tentacle)
 j - a ring of willpower (right tentacle)
Scrolls
 b - a scroll of poison {unknown}
 f - a scroll of fear {unknown}
 g - 4 scrolls of identify {unknown}
 h - 3 scrolls of enchant weapon {unknown}
 k - a scroll of noise {unknown}
Potions
 a - 2 potions of magic


   Skills:
 + Level 0.3 Fighting
 + Level 1.2 Axes
 + Level 2.7 Dodging
 + Level 3.0 Stealth
 + Level 2.6 Spellcasting
 + Level 1.1 Conjurations
 + Level 3.6 Fire Magic


You had 7 spell levels left.
You knew the following spells:

 Your Spells              Type           Power      Damage    Failure   Level
a - Foxfire               Conj/Fire      44%        2x1d6     6%          1

Your spell library contained the following spells:

 Spells                   Type           Power      Damage    Failure   Level
 Scorch                   Fire           32%        2d6       5%          2
 Inner Flame              Hex/Fire       9%         N/A       22%         3
 Kindle Blastsparks       Fire/Tloc/Air  14%        2d11      28%         3
 Flame Wave               Conj/Fire      11%        2d6       52%         4


Dungeon Overview and Level Annotations

Branches:
Dungeon (2/15)

Altars:
Qazlal


Innate Abilities, Weirdness & Mutations

You cannot wear most types of armour.
You are amphibious.
You can wear up to eight rings at the same time.
Your skin changes colour to match your surroundings (Stealth+).
Your rubbery body absorbs attacks. (AC +1, EV +1)
((You are camouflaged when in or above water. (Stealth+)))
You have tentacles for arms and can constrict up to eight enemies at once.


Message History

You are poisoned.
The adder poisons you!
The kobold hits you with a +0 short sword.
Unknown command.
You barely miss the kobold. Your grab misses the kobold.
You barely miss the adder. You constrict the adder.
You feel very sick. The adder bites you. The kobold barely misses you.
The adder barely misses you. You block the kobold's attack.
Unknown command.
You barely miss the adder.
The adder is heavily wounded.
You closely miss the kobold. You hit the worm. You constrict the adder.
You feel sick. The adder bites you.
You are more poisoned.
The adder poisons you! The kobold hits you but does no damage.
The adder barely misses you. The endoplasm completely misses you.
The kobold hits you with a +0 short sword.
You closely miss the kobold. You grab the kobold.
Your squeeze misses the kobold. You barely miss the adder.
You hit the endoplasm.
You kill the endoplasm!
Qazlal accepts your kill.
You slash the worm! You constrict the kobold. You constrict the adder.
You kill the adder!
Qazlal accepts your kill.
* * * LOW HITPOINT WARNING * * *
You feel very sick. The worm closely misses you.
The kobold hits you with a +0 short sword.
* * * LOW HITPOINT WARNING * * *
The worm closely misses you.
Okay, then.
You hit the kobold.
You kill the kobold!
Qazlal accepts your kill.
You hit the worm but do no damage.
* * * LOW HITPOINT WARNING * * *
You feel sick. The worm bites you.
You die...

#.# #.# #.###|#
#.....# #..##.#.
#..#..#.####
#.....#....####
##....#.......###
#..#.#..)°.....##
#..#.#..w@......##
#..#.#.###.####..#
#..#.# #...##..##
#.###....#
#....#...#
#........#
#....#...#
######.#.#
#.....†..## #.#.#
######....# ##.#.#
#....# .# #....#
..####.)..#...#


You could see a worm.

Vanquished Creatures
  A gnoll (D:2)
  2 adders (D:2)
  A worm (D:2)
  A dart slug (D:2)
  3 ball pythons (D:1)
  6 endoplasms
  2 giant cockroaches (D:1)
  3 goblins (D:1)
  A hobgoblin (D:1)
  2 jackals (D:1)
  5 kobolds
  2 quokkas
  5 bats
  A frilled lizard (D:2)
  7 rats
  3 foxfires (D:2)
45 creatures vanquished.

Vanquished Creatures (others)
  60 foxfires
60 creatures vanquished.

Grand Total: 105 creatures vanquished

Notes
Turn   | Place    | Note
-------+----------+-------------------------------------------
     0 | D:1      | gelatine the Octopode Fire Elementalist began the quest for
                  | the Orb.
     0 | D:1      | Reached XP level 1. HP: 11/11 MP: 3/3
    59 | D:1      | Reached XP level 2. HP: 9/17 MP: 1/5
   507 | D:1      | Found a faded altar of an unknown god.
   507 | D:1      | Noticed an eye of devastation
   513 | D:1      | Noticed an eye of devastation
   519 | D:1      | Noticed a floating eye
   519 | D:1      | Noticed a shining eye
   524 | D:1      | Prayed at the altar of an unknown god.
   524 | D:1      | Became a worshipper of Qazlal Stormbringer
   524 | D:1      | Reached * piety under Qazlal
   591 | D:1      | Reached XP level 3. HP: 21/21 MP: 3/6
   773 | D:2      | Reached skill level 1 in Axes
  1076 | D:2      | Reached XP level 4. HP: 13/27 MP: 1/7
  1174 | D:2      | Slain by a worm

Illustrated notes

Levels and vault maps discovered:
D:1:      amcnicky_arrival_choice, layout_basic,
          hellmonk_ecumenical_altar_watching_god
D:2:      minmay_recursive_quarters, layout_loops_ring

Skill      XL: |  1  2  3 |
---------------+----------+-----
Axes           | 1 |  1.2
Stealth        | 3 |  3.0
Fighting       | |  0.3
Dodging        | |  2.7
Spellcasting   | |  2.6
Conjurations   | |  1.1
Fire Magic     | |  3.6

Action                   |  1- 3 |  4- 6 || total
-------------------------+-------+-------++-------
Melee: Battleaxe         |    30 |    11 ||    41
       Tentacles         |     6 |     1 ||     7
       Constrict         |     5 |     2 ||     7
       Punch             |     1 |       ||     1
 Cast: Foxfire           |    37 |       ||    37
 Stab: Sleeping          |     3 |       ||     3
Armor: Skin              |     5 |     1 ||     6
Dodge: Dodged            |    29 |    14 ||    43
Block: Other             |       |     2 ||     2

Table legend: (Time is in decaauts)
 A = Elapsed time spent in this place.
 B = Non-inter-level travel time spent in this place.
 C = Inter-level travel time spent in this place.
 D = Time resting spent in this place.
 E = Time spent auto-exploring this place.
 F = Levels seen in this place.
 G = Mean time per level.
                   A        B        C        D        E       F      G
               +--------+--------+--------+--------+--------+-----+--------+
         Total |   1199 |   1180 |     19 |      0 |    926 |   2 |  599.5 |
       Dungeon |   1199 |   1180 |     19 |      0 |    926 |   2 |  599.5 |
               +--------+--------+--------+--------+--------+-----+--------+

Top non-repeatable levels by time:
     D:1: 718 daAuts
     D:2: 480 daAuts
